 Dungeon Crawl Stone Soup version 0.19.1 (console) character file.

5 Jesseh the Chiller (level 1, 0/13 HPs)
             Began as a Merfolk Ice Elementalist on Nov 23, 2016.
             Slain by a hobgoblin
             ... wielding a +0 club
              (3 damage)
             ... on level 1 of the Dungeon.
             The game lasted 00:01:02 (88 turns).

Jesseh the Chiller (Merfolk Ice Elementalist)         Turns: 88, Time: 00:01:02

Health: 0/13       AC:  2    Str:  8    XL:     1   Next: 80%
Magic:  0/3        EV: 13    Int: 14    God:
Gold:   0          SH:  0    Dex: 14    Spells: 1 memorised, 3 levels left

rFire  . . .     SeeInvis .     (no weapon)
rCold  . . .     Gourm    .     a - +0 robe
rNeg   . . .     Faith    .     (no shield)
rPois  .         Spirit   .     (no helmet)
rElec  .         Reflect  .     (no cloak)
rCorr  .         Harm     .     (no gloves)
MR     .....                    (no boots)
Stlth  ++........               (no amulet)
                                (no ring)
                                (no ring)

@: very slightly contaminated
A: change form in water, swift swim, stealthy swim
a: no special abilities


You were on level 1 of the Dungeon.
You were not hungry.

You visited 1 branch of the dungeon, and saw 2 of its levels.

Inventory:

Armour
 a - a +0 robe (worn)
Books
 b - a book of Frost
Comestibles
 c - a bread ration


   Skills:
 - Level 2.6 Dodging
 - Level 2.1 Stealth
 * Level 2.3 Spellcasting
   Level 0.7 Conjurations
 + Level 3.4 Ice Magic


You had 3 spell levels left.
You knew the following spells:

 Your Spells              Type           Power        Failure   Level  Hunger
a - Freeze                Ice            ##..         10%         1    #......


Dungeon Overview and Level Annotations

Branches:
Dungeon (2/15)

Altars:


Message History

A goblin comes into view.
A rat comes into view.
The bat hits you but does no damage.
Aim: a bat You freeze the bat.
You kill the bat!
You see here a bat corpse.
You butcher the bat corpse.
You see here a chunk of flesh.
There are monsters nearby!
The hobgoblin shouts!
The goblin shouts!
You hear a shout! x2
A giant cockroach comes into view.
Aim: a rat You freeze the rat.
You kill the rat!
Aim: a hobgoblin, wielding a club You freeze the hobgoblin.
You kill the hobgoblin!
A hobgoblin comes into view. It is wielding a club.
You see here a chunk of flesh.
A kobold comes into view.
The kobold shouts!
The kobold throws a stone.
The stone hits you but does no damage.
A giant cockroach comes into view.
You see here a stone.
The kobold throws a stone.
The stone misses you. The giant cockroach closely misses you.
The kobold throws a stone.
The stone barely misses you. The giant cockroach barely misses you.
The kobold throws a stone.
The stone hits you but does no damage.
You see here 3 stones.
The goblin hits you. The giant cockroach closely misses you.
The giant cockroach misses you.
The giant cockroach completely misses you.
Found a stone staircase leading down.
The giant cockroach bites you.
There is a stone staircase leading down here.
The giant cockroach barely misses you.
You climb downwards.
There is a stone staircase leading up here.
You hit the giant cockroach. The giant cockroach closely misses you.
You hit the giant cockroach.
The giant cockroach bites you but does no damage.
The giant cockroach barely misses you.
You hit the giant cockroach but do no damage.
The giant cockroach barely misses you.
You closely miss the giant cockroach. The giant cockroach closely misses you.
You barely miss the giant cockroach.
The giant cockroach bites you but does no damage.
You hit the giant cockroach but do no damage.
The giant cockroach closely misses you.
You barely miss the giant cockroach. The giant cockroach misses you.
The giant cockroach barely misses you.
You hit the giant cockroach but do no damage.
The giant cockroach closely misses you.
You hit the giant cockroach.
The giant cockroach bites you but does no damage.
You hit the giant cockroach. The giant cockroach barely misses you.
You hit the giant cockroach.
You kill the giant cockroach!
You start resting.
You can't go down here!
You climb upwards.
The goblin barely misses you.
The kobold throws a stone.
The stone misses you.
The stone hits the hobgoblin.
The hobgoblin hits you with a club. The goblin barely misses you.
There is a stone staircase leading down here.
Aim: a goblin You miscast Freeze.
You are very lightly contaminated with residual magic.
You feel uncomfortably cold.
The hobgoblin hits you but does no damage.
The goblin hits you.
Aim: a goblin You freeze the goblin.
You kill the goblin!
The hobgoblin closely misses you.
Aim: a kobold You freeze the kobold.
The hobgoblin barely misses you. The kobold closely misses you.
You don't have enough magic to cast that spell.
Unknown command.
You hit the hobgoblin but do no damage. The hobgoblin hits you with a club.
The kobold barely misses you.
You barely miss the hobgoblin. The kobold misses you.
The hobgoblin closely misses you.
You hit the hobgoblin but do no damage. The kobold barely misses you.
The hobgoblin completely misses you.
You hit the hobgoblin. The kobold barely misses you.
You hit the hobgoblin but do no damage. The hobgoblin closely misses you.
The kobold hits you.
* * * LOW HITPOINT WARNING * * *
You hit the hobgoblin but do no damage.
The hobgoblin hits you but does no damage.
The kobold closely misses you.
You closely miss the hobgoblin.
The hobgoblin hits you but does no damage.
The kobold barely misses you.
You closely miss the hobgoblin. The hobgoblin hits you with a club.
You die...

.▒..(.......▒▒▒▒▒.▒...[
.▒..................[.)
.▒...........).......▒
.▒..............▒.▒..
▒▒..▒▒▒▒▒..▒▒▒.....▒
..[.▒ ▒▒.........▒
....▒ ▒▒▒▒......▒ ▒▒▒▒
▒..K†..▒▒ ▒▒..mg..▒
▒........▒ ▒....)▒▒...
▒▒▒▒▒▒▒ ▒.


You could see a hobgoblin and a kobold.

Vanquished Creatures
  A giant cockroach (D:2)
  A goblin (D:1)
  A hobgoblin (D:1)
  A bat (D:1)
  A rat (D:1)
5 creatures vanquished.

Notes
Turn   | Place    | Note
-------+----------+-------------------------------------------
     0 | D:1      | Jesseh the Merfolk Ice Elementalist began the quest for the Orb.
     0 | D:1      | Reached XP level 1. HP: 13/13 MP: 3/3
    85 | D:1      | HP: 3/13 [kobold (3)]
    88 | D:1      | Slain by a hobgoblin

Action                   || total
-------------------------++-------
Melee: Unarmed           ||    19
 Cast: Freeze            ||     5
Armor: Robe              ||     6
Dodge: Dodged            ||    32

Vault maps used:
D:1:      dpeg_arrival_windows_large_door, st_stairs_9, minmay_lizard_pond
D:2:      fedhas_altar_3

Table legend:
 A = Turns spent in this place as a percentage of turns spent in the entire game.
 B = Non-inter-level travel turns spent in this place as a percentage of non-inter-level travel turns spent in the entire game.
 C = Inter-level travel turns spent in this place as a percentage of turns spent in this place.
 D = Turns resting spent in this place as a percentage of non-inter-level travel turns spent in this place.
 E = Turns spent auto-exploring this place as a percentage of non-inter-level travel turns spent in this place.
 F = Non-inter-level travel turns spent in this place divided by the number of levels of this place that you've seen.
                   A       B       C       D       E      F
               +-------+-------+-------+-------+-------+----------------------
         Total | 100.0 | 100.0 |   0.0 |   3.4 |   1.7 |  29.5
       Dungeon | 100.0 | 100.0 |   0.0 |   3.4 |   1.7 |  29.5
               +-------+-------+-------+-------+-------+----------------------

Table legend:
 A = Kills in this place as a percentage of kills in entire the game.
 B = Kills by you in this place as a percentage of kills by you in the entire game.
 C = Kills by friends in this place as a percentage of kills by friends in the entire game.
 D = Other kills in this place as a percentage of other kills in the entire game.
 E = Experience gained in this place as a percentage of experience gained in the entire game.
 F = Experience gained in this place divided by the number of levels of this place that you have seen.
                   A       B       C       D       E      F
               +-------+-------+-------+-------+-------+----------------------
         Total | 100.0 | 100.0 |  -nan |  -nan | 100.0 |   4.0
       Dungeon | 100.0 | 100.0 |  -nan |  -nan | 100.0 |   4.0
               +-------+-------+-------+-------+-------+----------------------
